 Dungeon Crawl Stone Soup version 0.31-a0-200-gbc41564c69 (webtiles) character file.

Game seed: 10479272759856606471

1797 qw the Skirmisher (level 8, -3/46 HPs)
             Began as a Deep Elf Hunter on June 25, 2023.
             Slain by a water moccasin (6 damage)
             ... on level 6 of the Dungeon.
             The game lasted 00:02:01 (4945 turns).

qw the Skirmisher (Deep Elf Hunter)                 Turns: 4945, Time: 00:02:01

Health: -3/46      AC:  6    Str: 10    XL:     8   Next: 83%
Magic:  10/10      EV: 16    Int: 15    God:
Gold:   344        SH:  0    Dex: 20    Spells: 7/7 levels left

rFire   . . .        Y - +1 shortbow
rCold   + . .        (shield currently unavailable)
rNeg    . . .        a - +1 robe of Gogess {Regen+ Dex+2}
rPois   .            g - +0 helmet
rElec   .            e - +0 cloak
rCorr   .            (no gloves)
SInv    .            b - +0 pair of boots
Will    .....        m - amulet of faith
Stlth   ++           c - ring of protection from cold
HPRegen 1.07/turn    (no ring)
MPRegen 0.12/turn

%: faith
@: about to teleport
A: no striking features
a: no special abilities


You were on level 6 of the Dungeon.
You visited 2 branches of the dungeon, and saw 7 of its levels.

You collected 452 gold pieces.
You spent 108 gold pieces at shops.


   Skills:
 - Level 3.0 Fighting
 + Level 13.6 Ranged Weapons
 - Level 1.1 Armour
 - Level 6.0 Dodging
 - Level 1.2 Stealth


You had 7 spell levels left.
You didn't know any spells.
Your spell library was empty.

Inventory:

Hand Weapons
 Y - a +1 shortbow (weapon)
Armour
 a - the +1 robe of Gogess (worn) {Regen+ Dex+2}
   (You found it on level 2 of the Dungeon)

   Dex:       It affects your dexterity (+2).
   Regen:     It increases your rate of health regeneration.
 b - a +0 pair of boots (worn)
 e - a +0 cloak (worn)
 g - a +0 helmet (worn)
Jewellery
 c - a ring of protection from cold (left hand)
 h - an amulet of reflection
 m - an amulet of faith (around neck)
 n - a ring of ice
Scrolls
 i - 4 scrolls of identify
 o - 2 scrolls of teleportation
 p - 2 scrolls of amnesia {unknown}
Potions
 d - 2 potions of attraction {unknown}
 j - a potion of resistance
 k - a potion of curing
 l - a potion of might {unknown}

Dungeon Overview and Level Annotations

Branches:
Dungeon (6/15)             Temple (1/1) D:5

Altars:
Ashenzari
Cheibriados
Elyvilon
Fedhas
Gozag
Hepliaklqana
Kikubaaqudgha
Makhleb
Nemelex Xobeh
Qazlal
Ru
Sif Muna
Uskayaw
Xom
Yredelemnul
Zin
The Shining One

Shops:
D:3 [=((

Annotations:
D:3 1 runed translucent door, Crazy Yiuf


Message History

Something hits you. Something shocks you.
You shoot an arrow. The arrow hits the wight.
The wight is severely damaged.
Something hits you but does no damage.
The wight hits you with a +0 short sword.
You shoot an arrow. The arrow barely misses the wight.
You shoot an arrow. The arrow barely misses the wight.
Something hits you but does no damage.
The wight hits you with a +0 short sword.
You feel drained.
You shoot an arrow. The arrow hits the wight!
You destroy the wight!
A black bear comes into view.
Something hits you but does no damage.
Your life force feels restored.
You shoot an arrow. The arrow closely misses the ufetubus.
The ufetubus closely misses you. The ufetubus misses you.
Something barely misses you.
You shoot an arrow. The arrow closely misses the ufetubus.
The ufetubus completely misses you. x2
You shoot an arrow. The arrow closely misses the ufetubus.
The ufetubus hits you but does no damage.
The ufetubus closely misses you. Something hits you. Something shocks you.
You shoot an arrow. The arrow hits the ufetubus!
You kill the ufetubus!
Something hits you. Something shocks you.
4943 ||| READING 3 scrolls of teleportation.
As you read the scroll of teleportation, it crumbles to dust.
You feel strangely unstable. The water moccasin barely misses you.
An ice beast comes into view.
Something hits you. Something shocks you.
You shoot an arrow. The arrow hits the water moccasin!
The water moccasin is moderately wounded.
You hear an angry growl.
The water moccasin barely misses you.
You shoot an arrow. The arrow hits the water moccasin.
The water moccasin is heavily wounded.
The water moccasin bites you.
You die...

#.. #..#
#... #...
h# #..#
#h.#
#...###s5o
#...hY.#
#.S{#
###@# #.##
#..# #..#
##.# #.#
#.####
#....#
#.##.#


You could see a water moccasin, a black bear and an ice beast.

Vanquished Creatures
  Grinder (D:4)
  3 water moccasins
  A black bear (D:4)
  An ogre (D:5)
  A centaur (D:5)
  A gnoll sergeant (D:6)
  4 scorpions
  A wight (D:6)
  A howler monkey (D:6)
  5 hounds
  3 gnoll boudas (D:5)
  An orc priest (D:5)
  A sleepcap (D:5)
  Jessica (D:3)
  An orc wizard (D:5)
  4 iguanas
  8 gnolls
  3 adders
  A white imp (D:6)
  4 ufetubi
  A worm (D:5)
  2 dart slugs
  10 orcs
  7 endoplasms
  A giant cockroach (D:4)
  9 goblins
  7 hobgoblins
  6 quokkas
  7 ball pythons
  2 bats
  3 frilled lizards
  4 kobolds
  3 rats
108 creatures vanquished.

Notes
Turn   | Place    | Note
-------+----------+-------------------------------------------
     0 | D:1      | qw the Deep Elf Hunter began the quest for the Orb.
     0 | D:1      | Reached XP level 1. HP: 12/12 MP: 3/3
     0 | D:1      | 0 ||| qw: Version: 0.3-a-22-g0ed2b0b
     0 | D:1      | 0 ||| qw: Game counter: 5684
     0 | D:1      | 0 ||| qw: Melee chars always use a shield: true
     0 | D:1      | 0 ||| qw: God list: Okawaru
     0 | D:1      | 0 ||| qw: Allow faded altars: false
     0 | D:1      | 0 ||| qw: Do Orc after clearing Dungeon:15 true
     0 | D:1      | 0 ||| qw: Do second Lair branch before Depths: true
     0 | D:1      | 0 ||| qw: Lair rune preference: random
     0 | D:1      | 0 ||| qw: Goals: Normal
     0 | D:1      | 0 ||| PLANNING D:1-11
    96 | D:1      | HP: 3/12 [hobgoblin (4)]
   102 | D:1      | 102 ||| FLEEEEING.
   164 | D:1      | Reached XP level 2. HP: 16/16 MP: 4/4
   171 | D:1      | Reached skill level 6 in Ranged Weapons
   693 | D:1      | 693 ||| UPGRADING to +0 cloak.
   698 | D:1      | 698 ||| UPGRADING to amulet of reflection.
   703 | D:1      | 703 ||| READING scroll labelled AFAXIMN CUGGO.
   704 | D:1      | 704 ||| DROPPING scroll of butterflies.
   749 | D:2      | Identified the +1 robe of Gogess {Regen+ Dex+2}
   972 | D:2      | Reached XP level 3. HP: 20/20 MP: 5/5
  1391 | D:2      | 1391 ||| UPGRADING to +1 robe of Gogess {Regen+ Dex+2}.
  1401 | D:2      | 1401 ||| DROPPING +0 leather armour.
  1402 | D:2      | 1402 ||| UPGRADING to +0 helmet.
  1407 | D:2      | 1407 ||| READING scroll labelled ZINYD KYTELY.
  1408 | D:2      | 1408 ||| READING scroll labelled ZITAOGHICIC.
  1409 | D:2      | 1409 ||| DRINKING 2 pink potions.
  1449 | D:3      | Reached skill level 7 in Ranged Weapons
  1456 | D:3      | Noticed Jessica
  1458 | D:3      | Killed Jessica
  1459 | D:3      | Reached skill level 3 in Dodging
  1459 | D:3      | Reached XP level 4. HP: 25/25 MP: 6/6
  1478 | D:3      | Found Ciffootym's Jewellery Boutique.
  1485 | D:3      | 1485 ||| SHOPLISTING +5 ring of evasion (468 gold, have
                  | 127).
  1485 | D:3      | 1485 ||| SHOPLISTING ring of Qadwec {rF+ Will+ Int+4
                  | Stlth+} (652 gold, have 127).
  1485 | D:3      | 1485 ||| SHOPLISTING ring of fire (325 gold, have 127).
  1485 | D:3      | 1485 ||| SHOPLISTING ring of ice (325 gold, have 127).
  1610 | D:3      | Found Meibovis's Antique Armour Shoppe.
  1620 | D:3      | 1620 ||| BUYING pair of boots (108 gold).
  1620 | D:3      | Bought a pair of boots for 108 gold pieces
  1620 | D:3      | 1620 ||| SHOPLISTING pair of crude boots (228 gold, have
                  | 19).
  1620 | D:3      | 1620 ||| SHOPLISTING pair of gloves (108 gold, have 19).
  1620 | D:3      | 1620 ||| SHOPLISTING runed robe (88 gold, have 19).
  1622 | D:3      | Found an opulent altar of Gozag.
  1654 | D:3      | Found a snail-covered altar of Cheibriados.
  1711 | D:3      | Found a runed translucent door.
  1712 | D:3      | Noticed Crazy Yiuf
  1917 | D:3      | Found Qohoh's Antique Weapon Boutique.
  1970 | D:3      | Found Ziere's Weapon Shop.
  2194 | D:3      | 2194 ||| UPGRADING to +0 pair of boots.
  2199 | D:3      | 2199 ||| DROPPING amulet of guardian spirit.
  2200 | D:3      | 2200 ||| READING scroll labelled IRYCHU SUKAG.
  2201 | D:3      | 2201 ||| DRINKING 3 clear potions.
  2202 | D:3      | 2202 ||| DRINKING 2 inky potions.
  2203 | D:3      | 2203 ||| DROPPING potion of brilliance.
  2367 | D:4      | Noticed Grinder
  2372 | D:4      | Paralysed by Grinder for 3 turns
  2382 | D:4      | Killed Grinder
  2383 | D:4      | Reached skill level 9 in Ranged Weapons
  2383 | D:4      | Reached XP level 5. HP: 21/29 MP: 7/7
  2383 | D:4      | Reached XP level 6. HP: 25/34 MP: 8/8
  3322 | D:4      | 3322 ||| UPGRADING to amulet of faith.
  3332 | D:4      | 3332 ||| UPGRADING to ring of protection from cold.
  3333 | D:4      | 3333 ||| READING 3 scrolls labelled TAACSYE XODGH.
  3334 | D:4      | 3334 ||| READING scroll labelled NIYSCH ARAFA.
  3335 | D:4      | 3335 ||| READING scroll labelled TINWEN NERUGO.
  3336 | D:4      | 3336 ||| DRINKING 2 white potions.
  3337 | D:4      | 3337 ||| DROPPING potion of degeneration.
  3339 | D:4      | 3339 ||| Stepping ~*~*~tactically~*~*~ (cloud).
  3369 | D:5      | Entered Level 5 of the Dungeon
  3392 | D:5      | Reached skill level 10 in Ranged Weapons
  3392 | D:5      | Reached XP level 7. HP: 40/40 MP: 9/9
  3466 | D:5      | HP: 1/40 [gnoll bouda/+0 club (22)]
  3467 | D:5      | 3467 ||| DRINKING 2 potions of heal wounds.
  3475 | D:5      | HP: 10/40 [gnoll bouda/+0 club (3)]
  3476 | D:5      | 3476 ||| DRINKING potion of heal wounds.
  3588 | D:5      | Reached skill level 11 in Ranged Weapons
  3663 | D:5      | 3663 ||| Stepping ~*~*~tactically~*~*~ (outnumbered).
  3677 | D:5      | 3677 ||| DRINKING potion of curing.
  3677 | D:5      | 3677 ||| (to cure confusion)
  3678 | D:5      | 3678 ||| Stepping ~*~*~tactically~*~*~ (outnumbered).
  3680 | D:5      | 3680 ||| FLEEEEING.
  3689 | D:5      | 3689 ||| Stepping ~*~*~tactically~*~*~ (outnumbered).
  3708 | D:5      | 3708 ||| FLEEEEING.
  3709 | D:5      | 3709 ||| FLEEEEING.
  3715 | D:5      | 3715 ||| FLEEEEING.
  3717 | D:5      | 3717 ||| FLEEEEING.
  3718 | D:5      | 3718 ||| FLEEEEING.
  3723 | D:5      | 3723 ||| FLEEEEING.
  3784 | D:5      | Found a staircase to the Ecumenical Temple.
  3785 | D:5      | 3785 ||| PLANNING TEMPLE
  3785 | D:5      | 3785 ||| READING scroll labelled HIVULO YKHUXT.
  3786 | D:5      | 3786 ||| READING 3 scrolls of identify.
  3786 | D:5      | 3786 ||| IDENTIFYING bubbling black potion
  3787 | D:5      | 3787 ||| DROPPING potion of ambrosia.
  3796 | Temple   | Entered the Ecumenical Temple
  3961 | Temple   | 3961 ||| PLANNING D:1-11
  4099 | D:5      | Reached skill level 12 in Ranged Weapons
  4099 | D:5      | Reached XP level 8. HP: 44/44 MP: 10/10
  4222 | D:5      | Reached skill level 3 in Fighting
  4488 | D:5      | 4488 ||| READING scroll labelled PAHIGU OBIASS.
  4493 | D:5      | 4493 ||| DRINKING 2 sapphire potions.
  4587 | D:6      | Found a hazy altar of Hepliaklqana.
  4763 | D:6      | Found a glowing silver altar of Zin.
  4788 | D:6      | Found a white marble altar of Elyvilon.
  4814 | D:6      | HP: 7/46 [gnoll/+0 spear[a gnoll sergeant] (6)]
  4815 | D:6      | 4815 ||| READING 3 scrolls of teleportation.
  4816 | D:6      | 4816 ||| DRINKING potion of heal wounds.
  4891 | D:6      | 4891 ||| Stepping ~*~*~tactically~*~*~ (outnumbered).
  4894 | D:6      | Reached skill level 13 in Ranged Weapons
  4905 | D:6      | Reached skill level 1 in Armour
  4926 | D:6      | Reached skill level 6 in Dodging
  4942 | D:6      | HP: 9/46 [something (6)]
  4943 | D:6      | 4943 ||| READING 3 scrolls of teleportation.
  4943 | D:6      | HP: 1/46 [something (5)]
  4945 | D:6      | Slain by a water moccasin

Levels and vault maps discovered:
D:1:      lemuel_arrival_room, layout_basic
D:2:      layout_loops_cross
D:3:      layout_loops_cross, mainiacjoe_overflow_large_starburst, serial_shops,
          nicolae_shop_behind_doors, shop, shop,
          nicolae_shop_pleasant_corner_grove, uniq_jessica,
          uniq_crazy_yiuf_cottage
D:4:      layout_layer_cave, corner_web_ring, uniq_grinder
D:5:      minmay_opposing_rooms, layout_loops_ring, lemuel_temple_firewalk_b
D:6:      layout_rooms, nicolae_overflow_crystal_walls, kennysheep_mini,
          elyvilon_altar_5, minmay_alternating_orb
Temple:   nicolae_temple_slightly_damp_pantheon

Skill      XL: |  1  2  3  4  5  6  7  8 |
---------------+-------------------------+-----
Ranged Weapons | 6 7 9 10 12 13 | 13.6
Dodging        | 3 4 5 6 |  6.0
Fighting       | 2 3 |  3.0
Armour         | 1 |  1.1
Stealth        | |  1.2

Action                     |  1- 3 |  4- 6 |  7- 9 || total
---------------------------+-------+-------+-------++-------
   Fire: Shortbow          |    92 |   113 |   255 ||   460
    Use: Scroll            |     3 |     4 |     5 ||    12
         Potion            |     1 |     3 |     5 ||     9
 Armour: Leather armour    |     6 |       |       ||     6
         Robe              |       |    12 |    27 ||    39
  Dodge: Dodged            |    15 |    38 |   140 ||   193
  Block: Other             |     4 |    12 |       ||    16

Table legend:
 A = Non-vault XP
 B = Vault XP
 C = Vault XP percentage of total XP
 D = Non-vault monster count
 E = Vault monster count
 F = Vault count percentage of total count
                 A         B        C        D         E       F
            +---------+---------+-------+---------+---------+-------
      Total |    1412 |    1156 |  45.0 |      88 |      20 |  18.5
            +---------+---------+-------+---------+---------+-------
        D:1 |      33 |       0 |   0.0 |      19 |       0 |   0.0
        D:2 |      29 |       0 |   0.0 |      11 |       0 |   0.0
        D:3 |      20 |      37 |  64.9 |      12 |       1 |   7.7
        D:4 |     189 |     286 |  60.2 |      15 |       1 |   6.2
        D:5 |     788 |     329 |  29.5 |      22 |      10 |  31.2
        D:6 |     353 |     504 |  58.8 |       9 |       8 |  47.1
            +---------+---------+-------+---------+---------+-------
